 Dungeon Crawl Stone Soup version 0.28.0-53-g5a82cb258f (webtiles) character file.

Game seed: 1811241999890209103

37 suse60 the Skirmisher (level 3, -6/29 HPs)
             Began as a Human Fighter on June 10, 2022.
             Killed from afar by a white imp (7 damage)
             ... with a puff of frost
             ... summoned by Natasha
             ... on level 2 of the Dungeon.
             The game lasted 00:04:16 (1426 turns).

suse60 the Skirmisher (Human Fighter)               Turns: 1426, Time: 00:04:17

Health: -6/29      AC:  7    Str: 16    XL:     3   Next: 60%
Magic:  3/3        EV:  8    Int:  8    God:
Gold:   23         SH:  5    Dex: 14    Spells: 2/2 levels left

rFire   . . .      SeeInvis .   a - +0 war axe
rCold   . . .      Faith    .   c - +0 buckler
rNeg    . . .      Spirit   .   b - +0 scale mail
rPois   .          Reflect  .   (no helmet)
rElec   .          Harm     .   (no cloak)
rCorr   .          Rampage  .   (no gloves)
Will    .....                   e - +0 pair of boots
Stlth   ..........              d - amulet of the acrobat
HPRegen 0.09/turn               (no ring)
MPRegen 0.08/turn               (no ring)

@: no status effects
A: no striking features
a: no special abilities


You were on level 2 of the Dungeon.
You visited 1 branch of the dungeon, and saw 2 of its levels.

You collected 23 gold pieces.

Inventory:

Hand Weapons
 a - a +0 war axe (weapon)
Armour
 b - a +0 scale mail (worn)
 c - a +0 buckler (worn)
 e - a +0 pair of boots (worn)
Jewellery
 d - an amulet of the acrobat (around neck)
 i - a ring of wizardry
Scrolls
 h - a scroll of noise {unknown}
Potions
 f - a potion of flight {unknown}
 g - a potion of cancellation {unknown}


   Skills:
 + Level 3.6 Fighting
 + Level 2.8 Axes
 - Level 3.1 Armour
 - Level 3.1 Shields


You had 2 spell levels left.
You didn't know any spells.
Your spell library was empty.

Dungeon Overview and Level Annotations

Branches:
Dungeon (2/15)

Altars:

Annotations:
D:2 Natasha


Message History

You barely miss Natasha. Natasha claws you but does no damage.
You hit Natasha.
Natasha is moderately wounded.
Natasha claws you but does no damage. You block Natasha's attack.
You slash Natasha!
Natasha is severely wounded.
Natasha claws you.
You barely miss Natasha.
Natasha is severely wounded.
Natasha claws you.
You barely miss Natasha.
Natasha is severely wounded.
Natasha claws you but does no damage. You block Natasha's attack.
You completely miss Natasha.
Natasha is severely wounded.
Natasha stares at you and mumbles some strange words.
The magic dart hits you!
You completely miss Natasha.
Natasha is severely wounded.
Natasha stares at you and mumbles some strange words.
You resist with significant effort.
Natasha casts a spell.
You barely miss Natasha.
Natasha is severely wounded.
You hit the white imp. Natasha claws you but does no damage.
The white imp gestures at you. The puff of frost hits you.
* * * LOW HITPOINT WARNING * * *
You barely miss Natasha.
Natasha is severely wounded.
You hit the white imp but do no damage. Natasha claws you.
* * * LOW HITPOINT WARNING * * *
The white imp misses you.
You barely miss Natasha.
Natasha is severely wounded.
You barely miss the white imp. Natasha claws you.
* * * LOW HITPOINT WARNING * * *
The white imp gestures at you. The puff of frost hits you!
You die...

###+######.# ...........#
...........# .....h.....#
...........# ...?.......#
...........#
########+######h##########
.......>.....@5..........
####............#.##......#
#<.'............'.##......#
####............####....[.#
#..'.>..........'..'......+
#.##........(...####......#
#.#.†.............#..†....#
#.#.#############.#.#####.#
#.#.# #.#.....# #


You could see Natasha and a white imp (summoned).

Vanquished Creatures
  An adder (D:2)
  2 worms (D:2)
  2 endoplasms (D:1)
  4 hobgoblins
  3 kobolds (D:1)
  2 quokkas (D:1)
  A bat (D:2)
  2 frilled lizards
  A goblin (D:1)
  3 rats (D:1)
21 creatures vanquished.

Notes
Turn   | Place    | Note
-------+----------+-------------------------------------------
     0 | D:1      | suse60 the Human Fighter began the quest for the Orb.
     0 | D:1      | Reached XP level 1. HP: 18/18 MP: 1/1
   118 | D:1      | Reached XP level 2. HP: 8/24 MP: 2/2
   488 | D:1      | Found a faded altar of an unknown god.
  1137 | D:2      | Reached XP level 3. HP: 16/29 MP: 3/3
  1407 | D:2      | Noticed Natasha
  1426 | D:2      | HP: 1/29 [Natasha (1)]
  1426 | D:2      | Killed from afar by a white imp

Illustrated notes

Levels and vault maps discovered:
D:1:      minmay_arrival_shoal_huts, layout_basic,
          shapermc_ecumenical_altar_pompeii, chequers_serial_rivers_room_a
D:2:      layout_basic, uniq_natasha

Action                   || total
-------------------------++-------
Melee: War axe           ||    75
  Use: Potion            ||     1
       Scroll            ||     1
Armor: Scale mail        ||    23
Dodge: Dodged            ||    24
Block: Buckler           ||    12
